AoeStats
← Sir_Malmsteen

Arabia

509719148Analyzed
1v1 RM · 4d ago on Sep 27, 2026· 40m 53s· 2 players
Game mode
Random Map
Map size
Tiny (2 player)
Population
200
Speed
Normal
Resources
Standard
Victory
Conquest
Starting age
Dark Age
Ending age
Imperial Age
RankedLock teamsTeams togetherTeam positionsShared explorationLock speedFull tech treeHidden civsTurbo modeCheats
Victory
Defeat
🇦🇷 Huns · Argentina
1218
+14
🇩🇪 Mapuche · Germany
1179
-14
Grafter
7:24 Loom
9:53 Feudal Age
11:25 Double-Bit Axe
20:45 Castle Age
19:50 Horse Collar
21:13 Pikeman
28:03 Fletching
28:14 Padded Archer Armor
29:37 Bodkin Arrow
29:57 Leather Archer Armor
30:56 Wheelbarrow
30:06 Town Watch
34:54 Hand Cart
35:04 Champi Runner
38:28 Malon
Sir_Malmsteen
6:16 Loom
11:09 Feudal Age
11:38 Double-Bit Axe
11:35 Horse Collar
19:57 Castle Age
18:02 Gold Mining
19:26 Bloodlines
19:32 Scale Barding Armor
20:03 Forging
21:19 Husbandry
25:39 Bow Saw
25:30 Heavy Plow
31:01 Chain Barding Armor
30:26 Light Cavalry
31:16 Town Watch
32:47 Wheelbarrow
33:22 Iron Casting
39:49 Imperial Age
38:57 Hand Cart
41:57 Two-Man Saw
40:50 Cavalier
Connection lost

Rejoining the realm…

Still unreachable

The connection could not be restored.

Session expired

The server has moved on; the page needs a fresh start.